 Dungeon Crawl Stone Soup version 0.27-a0-1334-g2746e35aca (webtiles) character file.

Game seed: 8584104931650106313

265 avis the Insei (level 5, -1/39 (45) HPs)
             Began as a Demigod Transmuter on June 26, 2021.
             Slain by a necrophage (2 damage)
             ... on level 4 of the Dungeon.
             The game lasted 00:18:06 (4419 turns).

avis the Insei (Demigod Transmuter)                 Turns: 4419, Time: 00:18:08

HP:   -1/39 (45)    AC:  4    Str: 11    XL:     5   Next: 66%
MP:   10/10         EV: 12    Int: 15    God:
Gold: 166           SH:  0    Dex: 18    Spells: 3/7 levels left

rFire    . . .     SeeInvis .   a - +4 quarterstaff (chaos)
rCold    . . .     Faith    .   (shield currently unavailable)
rNeg     . . .     Spirit   .   r - +0 robe
rPois    .         Reflect  .   v - +0 helmet
rElec    .         Harm     .   s - +0 cloak
rCorr    .         Rampage  .   (no gloves)
Will     .....                  (no boots)
Stlth    ++........             (no amulet)
HPRegen  0.13/turn              (no ring)
MPRegen  0.12/turn              (no ring)

@: heavily drained
A: high mp 1, forlorn
a: no special abilities


You were on level 4 of the Dungeon.
You visited 1 branch of the dungeon, and saw 4 of its levels.

You collected 166 gold pieces.

Inventory:

Hand Weapons
 a - a +4 quarterstaff of chaos (weapon)
 t - a +0 hunting sling
Missiles
 c - 95 stones
 f - 68 arrows
 q - 22 poisoned darts
Armour
 d - a +0 leather armour
 n - a +0 kite shield
 o - a +0 kite shield
 r - a +0 robe (worn)
 s - a +0 cloak (worn)
 v - a +0 helmet (worn)
Scrolls
 e - 2 scrolls of fog {unknown}
 g - a scroll of fear {unknown}
 h - 2 scrolls of summoning {unknown}
 i - a scroll of teleportation {unknown}
 k - a scroll of holy word {unknown}
 l - a scroll of blinking {unknown}
 p - 2 scrolls of identify {unknown}
 u - a scroll of brand weapon {unknown}
Potions
 b - a potion of might {unknown}
 j - a potion of curing {unknown}
 m - 2 potions of degeneration {unknown}


   Skills:
 - Level 3.0 Fighting
 - Level 1.7 Dodging
 * Level 5.1 Unarmed Combat
 - Level 1.7 Spellcasting
 - Level 2.0 Transmutations
 - Level 1.0 Poison Magic


You had 3 spell levels left.
You knew the following spells:

 Your Spells              Type           Power      Damage    Failure   Level
a - Beastly Appendage     Tmut           14%        N/A       10%         1
p - Spider Form           Tmut/Pois      2%         N/A       36%         3

Your spell library contained the following spells:

 Spells                   Type           Power      Damage    Failure   Level
 Wereblood                Tmut           7%         N/A       16%         2
 Confusing Touch          Hex            1%         N/A       56%         3
 Gell's Gravitas          Tloc           0%         N/A       56%         3
 Ice Form                 Ice/Tmut       4%         N/A       83%         4
 Petrify                  Tmut/Erth      4%         N/A       83%         4
 Metabolic Englaciation   Hex/Ice        0%         N/A       99%         5
 Yara's Violent Unravell  Hex/Tmut       2%         3d3       99%         5


Dungeon Overview and Level Annotations

Branches:
Dungeon (4/15)
 Temple: D:4-7


Innate Abilities, Weirdness & Mutations

Your attributes grow dramatically as you level up.
You have an increased reservoir of magic. (+10% MP)
You shall have no god before yourself.


Message History

The hound skeleton misses you. The hound skeleton closely misses you.
Your magical contamination has completely faded away.
You hit the hound skeleton.
You destroy the hound skeleton!
A necrophage comes into view.
The necrophage moves out of view.
The necrophage completely misses you. The necrophage closely misses you.
You barely miss the necrophage. The necrophage hits you. x2
You hit the necrophage. You freeze the necrophage.
The necrophage is lightly damaged.
The necrophage closely misses you.
You closely miss the necrophage.
The necrophage is lightly damaged.
The necrophage hits you!
You feel drained.
You hit the necrophage.
The necrophage seems to speed up.
The necrophage is moderately damaged.
The necrophage hits you. x2
You completely miss the necrophage.
The necrophage is moderately damaged.
The necrophage closely misses you. The necrophage misses you.
You hit the necrophage.
The necrophage is heavily damaged.
The necrophage hits you.
You feel drained. The necrophage barely misses you.
You sock the necrophage! You freeze the necrophage.
The necrophage is severely damaged.
The necrophage barely misses you. The necrophage hits you.
You barely miss the necrophage.
The necrophage is severely damaged.
The necrophage hits you.
You feel drained. The necrophage hits you.
* * * LOW HITPOINT WARNING * * *
You feel drained.
* * * LOW HITPOINT WARNING * * *
You hit the necrophage.
The necrophage resists with almost no effort.
The necrophage is almost destroyed.
The necrophage barely misses you. The necrophage hits you.
* * * LOW HITPOINT WARNING * * *
You feel drained.
You die...

#######
#.............#......
#.............#......
#....###......#......
##....#####.#.#......
###...####.#.#......
###..##....#.#'###
#####..##.###.#.###
##.n#..###.....#....
#..@..#############.
#∩_..###.............
##..## #.############
### #.# #.....
#†#######.####
#.........#
###########


You could see a necrophage (fast).

Vanquished Creatures
  An ogre (D:4)
  Crazy Yiuf (D:3)
  A hound skeleton (D:4)
  7 adders
  A worm (D:2)
  3 dart slugs
  An orc (D:3)
  2 bats
  4 endoplasms
  4 giant cockroaches
  9 goblins
  4 hobgoblins
  2 jackals (D:2)
  3 quokkas
  6 ball pythons
  7 frilled lizards
  9 kobolds
  4 rats
69 creatures vanquished.

Vanquished Creatures (others)
  A demonic plant (D:1)
  5 plants (D:4)
6 creatures vanquished.

Grand Total: 75 creatures vanquished

Notes
Turn   | Place    | Note
-------+----------+-------------------------------------------
     0 | D:1      | avis the Demigod Transmuter began the quest for the Orb.
     0 | D:1      | Reached XP level 1. HP: 15/15 MP: 5/5
   117 | D:1      | Reached skill level 3 in Unarmed Combat
   295 | D:1      | Reached XP level 2. HP: 22/22 MP: 5/7
  1389 | D:2      | Reached skill level 4 in Unarmed Combat
  1389 | D:2      | Reached XP level 3. HP: 21/27 MP: 6/8
  1393 | D:2      | Learned a level 3 spell: Spider Form
  1637 | D:2      | Reached skill level 1 in Fighting
  1856 | D:2      | Reached skill level 1 in Poison Magic
  2630 | D:3      | Reached XP level 4. HP: 31/36 MP: 5/9
  3610 | D:3      | Found a runed translucent door.
  3611 | D:3      | Noticed Crazy Yiuf
  3686 | D:3      | Killed Crazy Yiuf
  3911 | D:4      | Noticed an ogre
  3924 | D:4      | Killed an ogre
  3925 | D:4      | Reached skill level 5 in Unarmed Combat
  3925 | D:4      | Reached XP level 5. HP: 42/42 MP: 7/10
  4408 | D:4      | Noticed a necrophage
  4419 | D:4      | HP: 1/40 [necrophage (6)]
  4419 | D:4      | Slain by a necrophage

Illustrated notes

Levels and vault maps discovered:
D:1:      mrwooster_arrival_statue, layout_loops_ring,
          shapermc_ecumenical_altar_gd, minivault_23, minmay_misc_feat_square
D:2:      layout_basic, grunt_decor_cap, minmay_tripent
D:3:      layout_basic, uniq_crazy_yiuf_cottage
D:4:      layout_basic, makhleb_blood_cavern_becter, lemuel_round_altar,
          gammafunk_ghost_gnarly_gnolls

Skill      XL: |  1  2  3  4  5 |
---------------+----------------+-----
Unarmed Combat | 3 4 5 |  5.1
Transmutations | 2 |  2.0
Fighting       | 1 2 3 |  3.0
Poison Magic   | 1 |  1.0
Dodging        | |  1.7
Spellcasting   | |  1.7

Action                   |  1- 3 |  4- 6 || total
-------------------------+-------+-------++-------
Melee: Unarmed           |   102 |    21 ||   123
       Kick              |    26 |     3 ||    29
       Headbutt          |    13 |    11 ||    24
       Punch             |     2 |       ||     2
       Quarterstaff      |       |    36 ||    36
 Cast: Beastly Appendage |    39 |    15 ||    54
       Spider Form       |     1 |     2 ||     3
 Stab: Sleeping          |     1 |       ||     1
Armor: Robe              |     9 |     6 ||    15
       Skin              |       |     1 ||     1
Dodge: Dodged            |    39 |    37 ||    76

Table legend: (Time is in decaauts)
 A = Elapsed time spent in this place.
 B = Non-inter-level travel time spent in this place.
 C = Inter-level travel time spent in this place.
 D = Time resting spent in this place.
 E = Time spent auto-exploring this place.
 F = Levels seen in this place.
 G = Mean time per level.
                   A        B        C        D        E       F      G
               +--------+--------+--------+--------+--------+-----+--------+
         Total |   4424 |   4275 |    149 |   1008 |   2585 |   4 | 1106.0 |
       Dungeon |   4424 |   4275 |    149 |   1008 |   2585 |   4 | 1106.0 |
               +--------+--------+--------+--------+--------+-----+--------+

Top non-repeatable levels by time:
     D:2: 1681 daAuts
     D:3: 1208 daAuts
     D:1: 1012 daAuts
     D:4: 520 daAuts
